Map: Moebius Facility XX-1

Players

links - Winner!

  • Race: Protoss Protoss
  • League: Silver

neaMarin - Winner!

  • Race: Terran Terran

boblezerg

  • Race: Zerg Zerg
  • League: Gold

MenuBestOff

  • Race: Terran Terran
  • League: Gold

VOD

Have the link to the VOD?

Description

Time

  • Played on: June 7, 2016, 4:49 p.m.
  • Length: 17:21
Show
View Real Time Build Order
Export as new Build Order

links Protoss - Winner!

Build Orders: 1 Gate Expand, Double Forge 

Get SALT Encoding   

  12  0:01  Probe (Chrono Boost)  
  13  0:16  Probe (Chrono Boost)  
  13  0:20  Pylon  
  14  0:26  Probe (Chrono Boost)  
  15  0:38  Probe (Chrono Boost)  
  15  0:40  Gateway  
  16  0:49  Probe (Chrono Boost)  
  17  0:59  Probe (Chrono Boost)  
  18  1:10  Probe (Chrono Boost)  
  19  1:20  Probe (Chrono Boost)  
  20  1:31  Probe (Chrono Boost)  
  21  1:34  Nexus  
  21  1:38  Assimilator  
  21  1:41  Probe (Chrono Boost)  
  22  2:01  Probe (Chrono Boost)  
  23  2:08  Cybernetics Core  
  23  2:12  Pylon  
  23  2:15  Assimilator  
  23  2:19  Pylon  
  24  2:30  Probe (Chrono Boost)  
  23  2:40  Probe (Chrono Boost)  
  26  2:44  Zealot  
  26  2:45  Warp Gate (Chrono Boost)  
  26  2:51  Forge  
  26  2:52  Gateway  
  26  2:54  Probe  
  27  3:00  Probe  
  28  3:11  Probe x2  
  30  3:19  Forge  
  30  3:21  Probe  
  30  3:23  Probe  
  32  3:31  Protoss Ground Weapons Level 1 (Chrono Boost), Photon Cannon  
  32  3:35  Probe x2  
  34  3:45  Probe  
  34  3:47  Probe  
  36  3:52  Sentry  
  38  3:58  Pylon  
  38  3:59  Mothership Core  
  40  4:06  Photon Cannon  
  40  4:22  Sentry  
  42  4:26  Probe  
  42  4:31  Probe  
  43  4:34  Assimilator  
  44  4:39  Assimilator  
  44  4:41  Probe  
  44  4:43  Pylon  
  45  4:46  Protoss Ground Armor Level 1 (Chrono Boost)  
  45  4:47  Robotics Facility  
  45  4:51  Pylon  
  35  5:08  Probe  
  36  5:19  Probe  
  37  5:29  Probe  
  38  5:40  Probe  
  39  5:53  Probe  
  40  5:59  Gateway  
  40  6:01  Gateway  
  40  6:04  Gateway  
  40  6:05  Probe  
  40  6:07  Twilight Council  
  40  6:08  Probe  
  42  6:13  Robotics Bay  
  42  6:17  Probe  
  43  6:18  Probe  
  43  6:19  Stalker x2  
  48  6:29  Probe x2  
  50  6:39  Probe, Observer  
  51  6:42  Pylon  
  52  6:48  Pylon  
  52  6:50  Probe, Protoss Ground Armor Level 2 (Chrono Boost)  
  52  6:52  Pylon  
  53  6:58  Protoss Ground Weapons Level 2 (Chrono Boost)  
  53  7:17  Stalker x3  
  53  7:18  Stalker x2  
  53  7:21  Colossus (Chrono Boost)  
  63  7:27  Probe  
  63  7:29  Probe  
  71  7:39  Probe  
  71  7:41  Probe  
  73  7:44  Stalker x3  
  73  7:49  Pylon  
  73  7:51  Probe  
  80  7:56  Blink (Chrono Boost)  
  80  7:58  Stalker  
  82  8:23  Stalker  
  82  8:24  Colossus, Zealot  
  82  8:25  Zealot x3  
  92  8:32  Probe  
  99  8:50  Sentry x3  
  99  8:52  Zealot  
  99  8:53  Zealot  
  99  8:55  Probe  
  110  9:00  Protoss Shields Level 1  
  110  9:15  Pylon x2  
  110  9:17  Pylon  
  110  9:19  Pylon  
  110  9:27  Pylon  
  110  9:31  Colossus  
  110  9:33  Probe  
  110  9:36  Pylon  
  110  9:37  Pylon  
  111  9:38  Pylon  
  111  9:41  Pylon  
  117  9:48  Stalker  
  117  9:49  Stalker  
  117  9:51  Stalker  
  115  10:06  Nexus  
  87  10:19  Stalker x3  
  87  10:26  Sentry  
  87  10:27  Sentry  
  89  10:37  Pylon  
  89  10:39  Pylon  
  89  10:43  Assimilator  
  89  10:45  Assimilator  
  89  10:46  Pylon  
  89  10:47  Stalker  
  89  11:05  Stalker  
  89  11:06  Stalker x3  
  97  11:15  Stalker  
  99  11:37  Probe  
  100  11:48  Probe, Stalker x3  
  100  11:49  Stalker x2  
  100  11:51  Protoss Ground Armor Level 3 (Chrono Boost)  
  111  11:58  Probe  
  111  11:59  Charge  
  112  12:15  Colossus  
  112  12:18  Stalker x3  
  123  12:23  Probe  
  123  12:25  Probe  
  123  12:30  Extended Thermal Lance  
  119  12:50  Stalker x5  
  129  12:56  Probe  
  130  13:06  Probe  
  131  13:24  Nexus  
  131  13:29  Colossus  
  131  13:30  Stalker x2  
  131  13:31  Stalker  
  143  13:43  Probe  
  144  13:57  Protoss Ground Weapons Level 3 (Chrono Boost)  
  144  14:01  Assimilator  
  144  14:06  Assimilator  
  144  14:09  Pylon  
  144  14:11  Photon Cannon  
  144  14:12  Pylon  
  144  14:13  Photon Cannon  
  144  14:16  Pylon  
  144  14:18  Photon Cannon  
  144  14:23  Immortal  
  148  14:33  Gateway  
  148  14:35  Pylon  
  148  14:38  Probe  
  148  14:39  Robotics Facility  
  148  14:43  Probe  
  146  14:49  Probe  
  147  14:53  Probe  
  147  14:54  Zealot x3  
  154  15:06  Protoss Shields Level 2 (Chrono Boost)  
  154  15:18  Stalker x4  
  162  15:39  Nexus  
  162  15:41  Assimilator  
  162  15:45  Assimilator  
  162  15:46  Stalker x3  
  99  16:30  Stalker x4  
  99  16:31  Stalker  
  89  16:55  Stalker x5  
  99  17:04  Gateway  
  99  17:05  Gateway  
  99  17:10  Gateway  
  99  17:11  Stalker, Gateway  
  99  17:12  Pylon  
  101  17:20  Photon Cannon  
  101  17:21  Photon Cannon  
Show
View Real Time Build Order
Export as new Build Order

neaMarin Terran - Winner!

Build Orders: Reaper Expand 

Get SALT Encoding   

  12  0:01  SCV  
  13  0:13  SCV  
  14  0:18  Supply Depot  
  14  0:25  Refinery  
  14  0:29  SCV  
  15  0:41  SCV  
  16  0:46  Barracks  
  16  0:53  SCV  
  17  1:06  SCV  
  18  1:18  SCV  
  19  1:33  Orbital Command  
  19  1:34  Barracks Reactor  
  19  1:35  Reaper  
  19  1:37  Supply Depot  
  20  1:57  Command Center  
  20  2:00  SCV  
  21  2:12  SCV  
  21  2:14  Barracks Reactor  
  22  2:24  SCV  
  23  2:30  Factory  
  23  2:36  SCV  
  24  2:48  SCV  
  24  2:50  Marine x2, Refinery  
  26  3:01  SCV  
  27  3:08  Marine x2, Orbital Command  
  29  3:15  Factory Tech Lab  
  29  3:18  Starport  
  29  3:25  SCV  
  29  3:26  Marine x2  
  32  3:35  Supply Depot  
  32  3:38  Siege Tank  
  32  3:40  SCV x2  
  37  3:42  Barracks  
  36  3:50  Marine x2  
  38  3:56  Medivac  
  38  4:01  Supply Depot  
  40  4:09  Engineering Bay  
  40  4:12  Marine  
  40  4:13  Marine  
  42  4:20  Siege Tank  
  45  4:25  Supply Depot  
  45  4:27  SCV  
  45  4:30  Marine x2  
  48  4:36  Medivac  
  48  4:38  Barracks Tech Lab  
  50  4:59  Stimpack  
  50  5:01  Marine x3  
  53  5:20  SCV x2  
  55  5:25  Refinery  
  55  5:26  Refinery  
  55  5:28  Marine x3  
  58  5:29  Siege Tank  
  58  5:32  SCV x2  
  63  5:45  Marine  
  63  5:54  SCV x2  
  65  6:00  Marine x2  
  65  6:01  Terran Infantry Weapons Level 1  
  65  6:02  Starport Reactor  
  67  6:06  Engineering Bay, SCV x2  
  69  6:18  SCV  
  70  6:26  Marine x3  
  70  6:30  Supply Depot  
  73  6:35  Command Center  
  73  6:36  Missile Turret  
  73  6:38  SCV, Missile Turret  
  73  6:39  SCV  
  75  6:40  Missile Turret  
  75  6:50  Marine x3  
  75  6:51  SCV  
  75  7:07  Marine  
  72  7:10  Marine x2  
  74  7:24  SCV x2  
  74  7:25  Marine  
  74  7:28  Marine  
  78  7:36  SCV  
  76  7:42  Marine  
  76  7:43  Marine, Siege Tank  
  76  7:44  Medivac x2  
  81  7:46  Marine  
  84  7:51  Armory  
  84  8:00  Marine  
  84  8:04  Marine x2  
  71  8:18  Marine  
  71  8:20  Medivac x2  
  71  8:21  Siege Tank  
  71  8:22  Marine x2  
  71  8:23  Orbital Command  
  71  8:26  Terran Infantry Armor Level 1  
  74  8:35  Marine  
  74  8:39  Marine  
  74  8:40  Marine  
  77  8:53  Marine  
  78  8:57  Marine x2  
  78  9:03  Viking  
  78  9:04  Terran Infantry Weapons Level 2, Viking  
  78  9:10  Barracks  
  78  9:11  Marine  
  78  9:13  Barracks  
  78  9:15  Marine x2, Barracks  
  81  9:29  Marine  
  82  9:35  Marine x2  
  81  9:47  Marine  
  76  10:04  Marine x3  
  76  10:05  Marine x3  
  61  10:22  Marine x4  
  61  10:23  SCV  
  61  10:24  Terran Infantry Armor Level 2  
  66  10:29  Marine x2  
  66  10:30  Siege Tank, Medivac x2  
  75  10:39  SCV  
  75  10:40  Marine x4, Factory  
  75  10:42  Starport  
  80  10:46  Marine  
  81  10:51  SCV  
  82  11:03  SCV  
  83  11:10  SCV x2  
  83  11:11  Marine x5  
  86  11:12  Marine  
  86  11:15  SCV  
  91  11:23  SCV  
  87  11:27  SCV  
  87  11:29  Marine x6  
  87  11:31  Terran Infantry Weapons Level 3  
  87  11:32  Combat Shields  
  94  11:37  SCV  
  94  11:38  SCV  
  94  11:39  SCV  
  97  11:43  Refinery  
  97  11:44  Refinery  
  97  11:45  Siege Tank  
  97  11:46  Marine  
  101  11:51  Starport Reactor  
  101  11:52  Factory Tech Lab  
  101  11:54  Barracks Reactor  
  101  11:55  Barracks Reactor, Barracks Tech Lab  
  101  12:10  Missile Turret  
  101  12:11  Missile Turret  
  101  12:12  Missile Turret  
  101  12:14  Missile Turret  
  101  12:15  Missile Turret  
  101  12:24  Marine  
  101  12:25  SCV  
  101  12:26  SCV x2, Siege Tank, Viking x2  
  101  12:27  Siege Tank  
  100  12:37  SCV  
  100  12:41  SCV  
  99  12:51  Marine x2  
  99  12:58  Marine x2, Siege Tank, Marauder, Viking x3  
  109  12:59  Marine x2, Siege Tank, Marauder  
  121  13:09  Marine x2  
  123  13:16  Marine x2  
  125  13:22  Marine  
  124  13:31  Marine  
  125  13:39  Supply Depot  
  125  13:40  Supply Depot  
  125  13:42  Supply Depot  
  125  13:54  Terran Infantry Armor Level 3, Command Center  
  125  14:00  Marine  
  125  14:01  Marine, Siege Tank x2, Medivac x2, Marauder  
  125  14:02  Marauder  
  141  14:04  Viking x2  
  145  14:15  Marine x2  
  145  14:16  Marine x2  
  149  14:37  Supply Depot  
  149  14:38  Supply Depot  
  149  14:39  Supply Depot  
  149  14:58  Marine  
  149  14:59  Marauder x2, Siege Tank, Marine  
  157  15:00  Marine x3, Siege Tank, Medivac x2  
  157  15:01  Medivac  
  157  15:03  Supply Depot  
  170  15:12  Planetary Fortress  
  170  15:13  Refinery  
  170  15:20  Marauder  
  172  15:35  Marine  
  172  15:36  Marine x5  
  128  16:27  Orbital Command  
  128  16:29  Marine x2  
  130  16:55  Marine x4, Marauder x2  
  130  16:58  Marine x2  
Show
View Real Time Build Order
Export as new Build Order

boblezerg Zerg 

Build Orders: Hatch First, Muta Ling Bane 

Get SALT Encoding   

  12  0:01  Drone  
  13  0:09  Drone  
  14  0:17  Overlord  
  15  0:35  Drone x3  
  17  0:55  Hatchery  
  16  0:58  Drone  
  16  1:02  Drone  
  18  1:06  Extractor  
  17  1:16  Spawning Pool  
  16  1:27  Drone x2  
  16  1:30  Drone  
  19  1:41  Overlord  
  19  1:51  Drone  
  20  2:02  Drone  
  20  2:03  Queen  
  20  2:08  Queen  
  25  2:10  Drone  
  25  2:13  Drone  
  27  2:20  Metabolic Boost  
  27  2:21  Drone  
  28  2:28  Drone  
  28  2:29  Drone  
  30  2:38  Zergling x2  
  30  2:39  Evolution Chamber  
  30  2:43  Zergling x2  
  32  2:51  Zergling x4  
  33  3:03  Drone x2  
  35  3:09  Baneling Nest  
  34  3:19  Overlord  
  34  3:29  Zergling x4  
  36  3:49  Zergling x6  
  36  3:50  Zergling x4  
  36  3:52  Drone x3  
  36  3:55  Baneling x3  
  44  3:56  Baneling x2  
  44  3:59  Overlord  
  44  4:00  Overlord  
  44  4:08  Lair  
  44  4:09  Extractor, Drone  
  44  4:26  Drone  
  44  4:27  Drone x7  
  44  4:30  Extractor  
  51  4:31  Extractor  
  48  5:20  Drone x8  
  48  5:21  Drone  
  57  5:26  Evolution Chamber  
  57  5:27  Spire  
  55  5:30  Drone x5  
  59  6:12  Overlord  
  59  6:13  Overlord x4  
  59  6:18  Pneumatized Carapace  
  59  6:20  Drone  
  59  6:23  Hatchery  
  59  6:30  Queen  
  61  6:34  Zergling x8  
  61  6:35  Zergling x10  
  69  6:43  Centrifical Hooks, Mutalisk  
  71  6:56  Mutalisk x5  
  74  7:07  Mutalisk x2  
  69  7:13  Zergling x2  
  70  7:16  Mutalisk x3  
  73  7:44  Mutalisk  
  73  7:45  Mutalisk x2  
  73  7:49  Zergling x2  
  73  7:50  Zergling x14  
  84  8:33  Mutalisk  
  84  8:34  Mutalisk x3  
  86  8:40  Overlord x6  
  92  8:50  Hatchery  
  89  9:14  Zergling x8  
  89  9:15  Zergling x14  
  100  9:17  Baneling x3  
  100  9:18  Baneling x8  
  100  9:19  Baneling x2  
  100  9:26  Zergling x4  
  100  9:49  Mutalisk x5  
  74  10:19  Zergling x16  
  76  10:40  Zergling x10  
  81  10:46  Mutalisk  
  81  10:47  Mutalisk x2  
  85  11:07  Mutalisk  
  85  11:08  Mutalisk x6  
  93  11:54  Zerg Melee Weapons Level 1, Zerg Ground Armor Level 1, Hatchery  
  93  11:57  Extractor  
  93  11:58  Extractor  
  90  12:02  Drone x2  
  90  12:03  Drone x7  
  99  12:26  Baneling x5  
  99  12:27  Baneling x9  
  99  12:28  Baneling x2  
  99  12:29  Zergling x20  
  109  12:47  Hatchery  
  108  12:56  Infestation Pit  
  107  13:00  Zergling x16  
  93  13:34  Mutalisk  
  93  13:35  Mutalisk x9  
  93  13:39  Drone x4  
  93  13:40  Drone x6  
  123  13:59  Queen  
  125  14:05  Extractor  
  125  14:06  Extractor, Corruptor  
  125  14:07  Corruptor x2  
  129  14:31  Corruptor x5  
  127  14:46  Queen  
  129  15:01  Corruptor x5  
  129  15:03  Zergling x2  
  129  15:04  Zergling x14  
  145  15:19  Zergling x8  
  145  15:20  Zergling x14  
  156  15:39  Hive  
  156  15:46  Overseer x2  
  144  16:20  Zergling x14  
  144  16:21  Zergling x22  
  130  16:29  Zergling x6  
  130  16:30  Zergling x14  
  124  16:36  Zergling x6  
  125  16:45  Zergling x2  
  111  17:00  Baneling  
  111  17:01  Baneling  
Show
View Real Time Build Order
Export as new Build Order

MenuBestOff Terran 

Build Orders:  

Get SALT Encoding   

  12  0:01  SCV  
  13  0:13  SCV  
  14  0:25  SCV  
  15  0:33  Supply Depot  
  15  0:34  Refinery  
  15  0:55  SCV  
  16  1:04  Barracks  
  16  1:08  SCV  
  16  1:10  Barracks  
  17  1:22  Supply Depot  
  17  1:27  SCV  
  18  1:39  SCV  
  19  1:51  SCV  
  20  1:55  Reaper  
  21  2:04  Orbital Command  
  21  2:14  Barracks  
  21  2:17  Reaper  
  22  2:27  Reaper  
  23  2:31  Bunker  
  23  2:48  SCV  
  23  2:49  Reaper  
  24  2:59  Marine  
  25  3:07  Command Center  
  25  3:12  Supply Depot  
  25  3:13  Engineering Bay  
  25  3:17  Reaper, SCV  
  27  3:21  Reaper  
  28  3:29  SCV  
  28  3:33  Supply Depot  
  29  3:38  Refinery  
  29  3:47  SCV  
  30  3:55  Factory  
  30  3:56  Missile Turret  
  30  3:59  SCV  
  31  4:04  Marine x2  
  33  4:18  Supply Depot  
  33  4:21  Marine  
  33  4:22  Marine  
  35  4:30  SCV  
  35  4:39  Marine x2  
  35  4:42  SCV  
  34  4:58  Factory Tech Lab  
  33  5:10  Orbital Command  
  33  5:13  SCV  
  34  5:18  Siege Tank  
  37  5:22  Barracks Tech Lab  
  37  5:24  Terran Infantry Weapons Level 1  
  37  5:25  SCV, Missile Turret  
  37  5:27  Missile Turret  
  38  5:30  Missile Turret  
  38  5:37  SCV  
  39  5:45  Starport  
  39  5:47  Marauder  
  39  5:49  SCV, Missile Turret  
  42  5:57  Refinery  
  42  5:58  Refinery  
  42  5:59  Widow Mine  
  42  6:01  SCV  
  42  6:03  Stimpack  
  45  6:06  SCV  
  45  6:09  Marauder  
  48  6:13  SCV  
  48  6:17  Factory  
  49  6:18  SCV  
  50  6:25  SCV  
  50  6:30  Marauder, SCV  
  54  6:38  SCV  
  55  6:42  SCV, Siege Tank  
  55  6:43  Marine  
  60  6:50  SCV  
  60  6:51  Marine  
  62  6:55  SCV  
  61  7:01  Marine  
  61  7:02  SCV  
  61  7:07  SCV  
  60  7:09  Marine  
  60  7:14  Siege Tank  
  64  7:19  Marine  
  64  7:22  Viking  
  65  7:26  Marine  
  66  7:40  SCV x2  
  68  7:45  Marauder  
  70  7:58  SCV  
  70  8:09  Marauder  
  70  8:15  Medivac  
  70  8:16  Marine  
  70  8:18  Siege Tank  
  69  8:34  Marine  
  69  8:38  Supply Depot  
  69  8:39  Missile Turret  
  70  8:42  Supply Depot  
  70  8:43  Supply Depot  
  70  8:46  Supply Depot  
  69  8:48  Supply Depot  
  69  8:49  Supply Depot  
  69  8:52  Marine  
  70  9:00  Marauder, Hellion  
  73  9:10  Marine  
  74  9:21  Marine, Hellion  
  77  9:28  Marine  
  78  9:39  Marine  
  79  9:46  Marine  
  79  9:49  Siege Tank  
  83  9:57  Marauder  
  83  10:03  Marine  
  66  10:18  Marauder  
  66  10:21  Marine, Siege Tank  
  67  10:32  Supply Depot  
  67  10:35  SCV, Supply Depot  
  67  10:36  SCV, Supply Depot, Missile Turret  
  67  10:39  Marine x2  
  67  10:41  Medivac  
  73  10:47  SCV  
  73  10:48  SCV, Barracks  
  75  10:50  Barracks  
  75  10:53  Siege Tank  
  78  10:57  Marine  
  78  10:58  Marauder  
  78  11:00  SCV x2  
  83  11:09  Hellion  
  83  11:11  Medivac  
  87  11:12  SCV x2  
  87  11:15  Marine, Concussive Shells  
  90  11:18  Marine  
  90  11:24  SCV x2  
  90  11:25  Siege Tank  
  96  11:30  Hellion  
  98  11:32  Marine  
  98  11:36  SCV  
  98  11:37  Marauder  
  102  11:41  Medivac  
  102  11:46  SCV  
  105  11:48  SCV  
  105  11:50  Marine  
  105  11:51  Hellion  
  105  11:52  Terran Infantry Armor Level 1  
  109  11:57  Siege Tank  
  109  11:58  Marine  
  113  12:01  Command Center  
  113  12:03  Missile Turret  
  113  12:05  Supply Depot  
  113  12:08  Marine  
  113  12:11  Barracks Reactor, Medivac  
  113  12:13  Hellion  
  118  12:15  Marine  
  119  12:23  Barracks Tech Lab  
  119  12:26  Marine  
  119  12:29  Siege Tank  
  116  12:33  Marine  
  116  12:34  Hellion  
  117  12:40  Medivac  
  117  12:44  Marine  
  118  12:51  Marine  
  119  13:02  Hellion  
  119  13:04  Marine x3, Marauder  
  126  13:09  Marauder  
  126  13:10  Medivac  
  126  13:11  Missile Turret  
  130  13:21  Marine, Starport  
  130  13:22  Marine x2  
  130  13:24  Marine  
  134  13:31  Marauder  
  136  13:40  Marine, Viking  
  139  13:42  Sensor Tower  
  139  13:49  Armory  
  139  13:52  Marauder  
  141  13:57  Marine  
  142  14:10  Viking  
  142  14:13  Marine  
  145  14:23  Liberator, Combat Shields  
  145  14:26  Marauder, Marine x3  
  150  14:31  Marauder  
  150  14:34  Siege Tank  
  155  14:44  Marine x3  
  161  14:47  Marauder  
  165  14:53  Marauder  
  165  15:15  Planetary Fortress  
  165  15:17  Supply Depot  
  165  15:20  Refinery  
  165  15:22  Refinery  
  165  15:31  Supply Depot  
  165  15:37  Supply Depot  
  165  15:39  Marine x2, Medivac, Marauder x2  
  173  15:47  Marine  
  165  15:56  Marine  
  130  16:01  Marauder x2  
  130  16:02  Siege Tank  
  130  16:03  Hellion  
  120  16:05  Marine  
  104  16:15  Marine x2  
  87  16:21  Marine  
  87  16:22  Marauder  
  87  16:23  Marine  
  83  16:32  Medivac  
  78  16:40  Marauder, Marine x2  
  78  16:41  Marine  
  78  16:43  Marauder  
  68  16:50  Sensor Tower  
  68  16:58  Marine  
Tags
 
Add a new tag
Caveats
  • Supply blocks, unpowered buildings, or Contaminate may cause inaccurate times.
  • Supply counts are checked every 10 seconds.